 Dungeon Crawl Stone Soup version 0.19.0 (webtiles) character file.

175 lorenzova the Sneak (level 5, -1/24 HPs)
             Began as a Spriggan Enchanter on Nov 1, 2016.
             Killed by nerve-wracking pain
             ... invoked by Grinder
              (10 damage)
             ... on level 3 of the Dungeon.
             The game lasted 00:05:14 (2887 turns).

lorenzova the Sneak (Spriggan Enchanter)            Turns: 2887, Time: 00:05:15

Health: -1/24      AC:  3    Str:  4    XL:     5   Next: 29%
Magic:  1/12       EV: 18    Int: 16    God:
Gold:   126        SH:  0    Dex: 18    Spells: 3 memorised, 6 levels left

rFire  . . .     SeeInvis +     a - +1 dagger
rCold  . . .     Gourm    .     b - +1 robe
rNeg   . . .     Faith    .     (shield restricted)
rPois  .         Spirit   .     (helmet restricted)
rElec  .         Reflect  .     (no cloak)
rCorr  .         Harm     .     (gloves unavailable)
MR     .....                    (boots unavailable)
Stlth  ++++......               e - amulet of regeneration
                                (no ring)
                                (no ring)

@: very quick
A: unfitting armour, see invisible, herbivore 3, speed 3, slow metabolism 2
a: no special abilities


You were on level 3 of the Dungeon.
You were very hungry.

You visited 1 branch of the dungeon, and saw 3 of its levels.

You collected 126 gold pieces.

Inventory:

Hand Weapons
 a - a +1 dagger (weapon)
Armour
 b - a +1 robe (worn)
Jewellery
 e - an amulet of regeneration (around neck)
Wands
 q - a wand of confusion (19/48)
 r - a wand of polymorph (13/24)
Scrolls
 f - a scroll of recharging {unknown}
 h - a scroll of random uselessness {unknown}
 i - a scroll of identify {unknown}
 j - a scroll of fog {unknown}
 m - 2 scrolls of fear {unknown}
 n - a scroll of teleportation {unknown}
 p - a scroll of remove curse {unknown}
Potions
 g - a potion of lignification {unknown}
 l - a potion of heal wounds {unknown}
 o - a potion of mutation {unknown}
Books
 c - a book of Maledictions

   Spells                             Type                      Level
   a - Corona                         Hexes                        1
   b - Ensorcelled Hibernation        Hexes/Ice                    2
   c - Confuse                        Hexes                        3
   d - Tukima's Dance                 Hexes                        3
   e - Dazzling Spray                 Conjuration/Hexes            3
Comestibles
 d - a bread ration
 k - 2 slices of pizza


   Skills:
 - Level 1.1 Short Blades
 - Level 3.0 Dodging
 + Level 6.6 Stealth
 + Level 4.2 Spellcasting
 + Level 5.2 Hexes


You had 6 spell levels left.
You knew the following spells:

 Your Spells              Type           Power        Failure   Level  Hunger
a - Corona                Hex            ###....      1%          1    None
b - Ensorcelled Hibernat  Hex/Ice        ##....       10%         2    ##.....
c - Confuse               Hex            ###.....     8%          3    ###....


Dungeon Overview and Level Annotations

Branches:
Dungeon (3/15)

Altars:

Annotations:
D:3 Grinder


Innate Abilities, Weirdness & Mutations

You are very small and have problems with some larger weapons.
You are too small for most types of armour.
You have supernaturally acute eyesight. (SInv)
You are a herbivore.
You cover ground extremely quickly.
You need consume almost no food.


Message History

You hit Grinder.
Grinder is severely wounded.
Grinder closely misses you.
You hit Grinder.
Grinder is severely wounded.
Grinder hits you!
* * * LOW HITPOINT WARNING * * *
You are too injured to fight recklessly!
You are too injured to fight recklessly!
You are too injured to fight recklessly!
You are too injured to fight recklessly!
You see here an amulet of regeneration.
An adder comes into view.
The adder hisses angrily.
Casting: Confuse
Confirm with . or Enter, or press ? or * to list all spells.
You don't have enough magic to cast that spell.
Grinder gestures at you. Pain shoots through your body!
You die...

........######### #.#
.######.#.......# #.#
.######.#(#####.###.#
....).)..).# #.##..#
.######.#..#
#.#...### #(#..#
#...#...# #(#..#
###...#.#
#.#..#######"##.###
#.#.....S.@5......#
#.#.########.##.....
#.#.# #.# ..... #.#<#
#.. ..... #.#)#
#........# #...#
#.... . ##### #....#
......


You could see Grinder and an adder.

Vanquished Creatures
  An orc wizard (D:3)
  An orc priest (D:3)
  Terence (D:1)
  3 adders (D:2)
  A worm (D:2)
  3 dart slugs
  3 orcs (D:3)
  A ball python (D:2)
  7 bats
  2 giant cockroaches (D:1)
  7 goblins
  7 hobgoblins
  A frilled lizard (D:1)
  8 kobolds
  9 rats
55 creatures vanquished.

Notes
Turn   | Place    | Note
-------+----------+-------------------------------------------
     0 | D:1      | lorenzova the Spriggan Enchanter began the quest for the Orb.
     0 | D:1      | Reached XP level 1. HP: 9/9 MP: 5/5
   269 | D:1      | Reached XP level 2. HP: 13/13 MP: 6/6
   273 | D:1      | Learned a level 2 spell: Ensorcelled Hibernation
   362 | D:1      | Reached skill level 5 in Stealth
  1420 | D:2      | Reached XP level 3. HP: 16/16 MP: 8/8
  1425 | D:2      | Learned a level 3 spell: Confuse
  1455 | D:2      | Noticed Terence
  1984 | D:1      | Killed Terence
  1984 | D:1      | Reached skill level 6 in Stealth
  1984 | D:1      | Reached XP level 4. HP: 14/21 MP: 3/10
  2615 | D:3      | Reached skill level 5 in Hexes
  2615 | D:3      | Reached XP level 5. HP: 18/24 MP: 7/12
  2801 | D:3      | Noticed Grinder
  2819 | D:3      | Paralysed by Grinder for 2 turns
  2887 | D:3      | Killed from afar by Grinder

Skill      XL: |  1  2  3  4 |
---------------+-------------+-----
Stealth        | 5 6 |  6.6
Hexes          | 4 5 |  5.2
Spellcasting   | 3 4 |  4.2
Short Blades   | |  1.1
Dodging        | |  3.0

Action                   |  1- 3 |  4- 6 || total
-------------------------+-------+-------++-------
Melee: Dagger            |   170 |    93 ||   263
 Cast: Confuse           |     7 |     8 ||    15
       Ensorcelled Hiber |     5 |    11 ||    16
 Stab: Sleeping          |    11 |    13 ||    24
       Confused          |     2 |     4 ||     6
       Distracted        |       |     1 ||     1
  Eat: Pizza             |       |     1 ||     1
Armor: Robe              |    15 |    16 ||    31
Dodge: Dodged            |   152 |    77 ||   229
